[Event "Titled Tuesday Blitz February 15 Early 2022"]
[White "Cunjalo, Faris"]
[Black "Martirosyan, Haik M."]
[WhiteFideId "14410710"]
[BlackFideId "13306553"]
[WhiteElo "2263"]
[BlackElo "2735"]
[Result "1-0"]
[Round "07"]
[TimeControl "180+1"]
[Date "2022.02.15"]
[WhiteClock "0:00:06"]
[BlackClock "0:00:19"]

1. c4 e5 2. g3 Nc6 3. Bg2 Nf6 4. Nc3 Bb4 5. Nf3 O-O 6. O-O Bxc3 7. bxc3 d6 8. d3 h6 9. Nd2 Nh7 10. Rb1 f5 11. c5 d5 12. Qb3 Nf6 13. Nf3 b6 14. Ba3 Re8 15. Rfe1 Kh7 16. Qa4 Bd7 17. Qc2 Kg8 18. Red1 Qe7 19. Qb3 Qf7 20. Qc2 Rab8 21. Rb2 b5 22. Rbb1 a5 23. Bc1 b4 24. Bd2 Rb5 25. cxb4 axb4 26. e3 Qe7 27. d4 e4 28. Ne1 Ra8 29. Rb2 Rba5 30. Rdb1 Kh7 31. Qd1 Be8 32. Nc2 Rxa2 33. Rxa2 Rxa2 34. Nxb4 Nxb4 35. Bxb4 Bb5 36. Ra1 Rxa1 37. Qxa1 c6 38. Qa8 Qf7 39. Qa1 Qh5 40. Qe1 g5 41. Ba5 Qf7 42. Bd8 Ne8 43. Qa1 Qb7 44. Bb6 Ba6 45. Bh3 Kg6 46. Qd1 Nf6 47. Bg2 Bd3 48. Qa1 Ba6 49. Qd1 Qa8 50. Qa1 Qc8 51. h3 h5 52. Qd1 Qb7 53. Qa1 Nd7 54. Bd8 Qb5 55. h4 g4 56. Bc7 Nf8 57. Be5 Nd7 58. Kh2 Kf7 59. Bd6 Qe2 60. Kg1 Qb5 61. Kh2 Ke6 62. Bf4 Nf8 63. Qa2 Kd7 64. Kg1 Ne6 65. Be5 Qc4 66. Qb2 Qb5 67. Qa1 Kc8 68. Qa2 Kb7 69. Qa1 Qb3 70. Kh2 Qc2 71. Kg1 Bd3 72. Qa3 Qb1+ 73. Kh2 Ba6 74. Qa5 Qb5 75. Qa2 Nd8 76. Bf6 Nf7 77. Kg1 Qc4 78. Qb2+ Bb5 79. Qa3 Qa4 80. Qxa4 Bxa4 81. Kf1 Bb5+ 82. Ke1 Ka6 83. Kd2 Ka5 84. Kc3 Ka4 85. Kb2 Kb4 86. Kc2 Ka3 87. Bg7 Nd8 88. Be5 Nb7 89. Bc7 Bd3+ 90. Kc1 Kb3 91. Kd2 Kb2 92. Kd1 Kc3 93. Ke1 Kc2 94. Bb6 Kb3 95. Kd2 Kb4 96. Bc7 Na5 97. Bxa5+ Kxa5 98. Kc3 Ka4 99. Kd2 Kb4 100. Kc1 Kc3 101. Kd1 Bc2+ 102. Ke2 Bb3 103. Ke1 Bc4 104. Bf1 Bd3 105. Be2 Bb5 106. Bd1 Kd3 107. Be2+ Kc3 108. Bxb5 cxb5 109. c6 b4 110. c7 b3 111. c8=Q+ Kd3 112. Qb7 b2 113. Qxb2 Kc4 114. Qc2+ Kb4 115. Qc5+ Ka4 116. Qxd5 Ka3 1-0


[Site "https://www.chess.com"]

[Event "Titled Tuesday Blitz February 15 Early 2022"]
[White "Danaci, Ege"]
[Black "Kretov, Evgenij"]
[WhiteFideId "34506748"]
[BlackFideId "4167821"]
[WhiteElo "1799"]
[BlackElo "2303"]
[Result "0-1"]
[Round "07"]
[TimeControl "180+1"]
[Date "2022.02.15"]
[WhiteClock "0:00:01"]
[BlackClock "0:01:23"]

1. e4 c5 2. Nc3 Nc6 3. g3 g6 4. Bg2 Bg7 5. d3 d6 6. f4 e5 7. Nh3 Nge7 8. O-O Nd4 9. fxe5 dxe5 10. Nd5 Nxd5 11. exd5 O-O 12. c3 Nf5 13. Ng5 Nd6 14. Be3 b6 15. Nf3 h6 16. a3 f5 17. b4 cxb4 18. axb4 e4 19. Nd4 Re8 20. Qd2 Kh7 21. Rae1 Ba6 22. Ne6 Qd7 23. Nxg7 Qxg7 24. Bd4 Qf7 25. c4 exd3 26. b5 Nxc4 27. Qb4 d2 28. Rd1 Bxb5 29. Qxb5 Rac8 30. d6 Nxd6 31. Bd5 Nxb5 32. Bxf7 Re7 33. Bf6 Rxf7 34. Bb2 Rd7 35. Rf2 Rcd8 36. Bc3 Nxc3 0-1


[Site "https://www.chess.com"]

[Event "Titled Tuesday Blitz February 15 Early 2022"]
[White "De Souza Sa, Apolo"]
[Black "Batsiashvili, Nino"]
[WhiteFideId "324225390"]
[BlackFideId "13602993"]
[WhiteElo "1828"]
[BlackElo "2230"]
[Result "1-0"]
[Round "07"]
[TimeControl "180+1"]
[Date "2022.02.15"]
[WhiteClock "0:00:05"]
[BlackClock "0:00:02"]

1. d4 d5 2. c4 e6 3. g3 dxc4 4. Bg2 Nc6 5. Nf3 Rb8 6. a4 Na5 7. Bd2 b6 8. O-O c5 9. Bxa5 bxa5 10. Ne5 Ne7 11. dxc5 Rxb2 12. Qxd8+ Kxd8 13. Nxf7+ Kc7 14. Nxh8 Nd5 15. Rc1 Ba6 16. Na3 Rb4 17. Nf7 Bxc5 18. Ne5 Bd4 19. Rab1 Bxe5 20. Rxb4 axb4 21. Nxc4 Bc3 22. Nd2 Kb6 23. Nb1 Bf6 24. e4 Nc3 25. Nxc3 Bxc3 26. e5 Bc4 27. f4 Bb3 28. Bf1 Bxa4 29. Kf2 Bc6 30. Ke3 a5 31. Bc4 Bd7 32. Bb3 a4 33. Bc2 Kc5 34. Bxh7 a3 35. Bb1 Bb5 36. h4 Bc4 37. g4 Bd4+ 38. Kd2 b3 39. g5 a2 40. Bxa2 bxa2 41. h5 a1=Q 42. Rxa1 Bxa1 43. h6 gxh6 44. gxh6 Kd4 45. h7 Bc3+ 46. Kc1 Kd3 47. h8=Q Bd2+ 48. Kb2 Bxf4 49. Qd8+ Ke4 50. Qa8+ Bd5 51. Qa4+ Kxe5 52. Qb4 Kf5 53. Kc3 Be5+ 54. Kd3 Bf4 55. Ke2 Ke5 56. Qc5 Kf5 57. Qe7 Ke5 58. Qg7+ Kf5 59. Qh7+ Ke5 60. Qh5+ Ke4 61. Qg6+ Ke5 62. Qg4 Ke4 63. Qf3+ Ke5 64. Qc3+ Kf5 65. Kf2 Be5 66. Qc2+ Be4 67. Qc8 Bf4 68. Qf8+ Ke5 69. Qg7+ Kf5 70. Qf7+ Ke5 71. Ke2 Bd5 72. Kd3 Be4+ 73. Kc4 Bd5+ 74. Kc5 Be3+ 75. Kb5 Bd4 76. Qg7+ Ke4 77. Qg4+ Kd3 78. Qg3+ Ke4 79. Qd6 e5 80. Kb4 Be3 81. Kc3 Bd4+ 82. Kd2 Be3+ 83. Ke2 Bc4+ 84. Ke1 Bd3 85. Qc6+ Kd4 86. Qb6+ Ke4 87. Qc6+ Kf4 88. Qd6 Ke4 89. Qg6+ Kd4 90. Qe8 Ke4 91. Qd7 Bc4 92. Qg4+ Kd3 93. Qe2+ Kd4 94. Qd1+ Bd3 95. Qa4+ Bc4 96. Qd7+ Ke4 97. Qg4+ Kd3 98. Qf5+ Kd4 99. Kd1 Bd3 100. Qd7+ Ke4 101. Qc6+ Kd4 102. Ke1 Bc4 103. Qb6+ Kd3 104. Qd6+ Bd4 105. Kd1 e4 106. Qg6 Bc3 107. Qg3+ Kd4 108. Qd6+ Ke3 109. Kc2 1-0


[Site "https://www.chess.com"]

[Event "Titled Tuesday Blitz February 15 Early 2022"]
[White "Demin, Vladimir"]
[Black "Senthil Maran K"]
[WhiteFideId "4167457"]
[BlackFideId "25035681"]
[WhiteElo "2489"]
[BlackElo "2194"]
[Result "1-0"]
[Round "07"]
[TimeControl "180+1"]
[Date "2022.02.15"]
[WhiteClock "0:00:03"]
[BlackClock "0:00:04"]

1. e4 c5 2. Nf3 g6 3. c3 Nf6 4. e5 Nd5 5. d4 cxd4 6. Qxd4 Nc7 7. Bc4 Bg7 8. Qf4 O-O 9. h4 Ne6 10. Qg3 Nc6 11. h5 Qc7 12. Bxe6 fxe6 13. hxg6 Nxe5 14. gxh7+ Kh8 15. Bh6 Nxf3+ 16. gxf3 Qxg3 17. fxg3 Bxh6 18. Rxh6 Rxf3 19. Nd2 Rf7 20. Ke2 Rxh7 21. Rg6 Rh2+ 22. Kd3 Kh7 23. Rg4 d6 24. Rf1 e5 25. Rf7+ Kh6 26. Rh4+ Rxh4 27. gxh4 Kg6 28. Rxe7 Bf5+ 29. Ke3 Rh8 30. Nf3 Kf6 31. Rxb7 Rg8 32. Ng5 Rh8 33. Nf3 e4 34. Nd4 Bg6 35. Rxa7 Rxh4 36. Ra6 Rh3+ 37. Kf4 Rh4+ 38. Kg3 Rh1 39. Rxd6+ Kg7 40. Kf4 Rf1+ 41. Ke3 Re1+ 42. Kf2 Rb1 43. Rb6 Kf7 44. a4 Ra1 45. Rb4 Rd1 46. a5 Rd2+ 47. Ke3 Rd3+ 48. Kf4 e3 49. Rb7+ Kf6 50. Rb6+ Kg7 51. a6 e2 52. Nxe2 Rd2 53. Nd4 Bf7 54. Rb7 Rf2+ 55. Ke3 Rf1 56. a7 Ra1 57. Nc6 Kf6 58. Kd4 Bd5 59. Kxd5 Rd1+ 60. Kc5 Rd7 61. Rxd7 1-0


[Site "https://www.chess.com"]

[Event "Titled Tuesday Blitz February 15 Early 2022"]
[White "Desideri, Ricardo Maruchi"]
[Black "Altucher, James"]
[WhiteFideId "2110440"]
[BlackFideId "30987458"]
[WhiteElo "1945"]
[BlackElo "2179"]
[Result "1/2-1/2"]
[Round "07"]
[TimeControl "180+1"]
[Date "2022.02.15"]
[WhiteClock "0:00:02"]
[BlackClock "0:00:08"]

1. e4 g6 2. d4 Bg7 3. c4 d6 4. Nc3 Nf6 5. f3 O-O 6. Be3 c5 7. d5 e6 8. Nge2 exd5 9. cxd5 a6 10. Ng3 b5 11. a3 h5 12. Be2 h4 13. Nf1 Nbd7 14. Nd2 Ne5 15. O-O h3 16. g3 Rb8 17. b4 c4 18. Qc2 Nh5 19. f4 Ng4 20. Bxg4 Bxg4 21. Nf3 f5 22. Ng5 Qf6 23. Ne2 fxe4 24. Bd4 Qf5 25. Bxg7 Nxg7 26. Nd4 Qf6 27. Nc6 Rbe8 28. Nxe4 Qf5 29. Rae1 Qh5 30. Qd2 Nf5 31. Nf6+ Rxf6 32. Rxe8+ Kf7 33. Rfe1 Kg7 34. Qf2 Bf3 35. Qa7+ Rf7 36. Qb8 Bxd5 37. Rg8+ Kh6 38. Rh8+ Rh7 39. Qf8+ Ng7 40. Rxh7+ Kxh7 41. Re7 Qd1+ 42. Kf2 Qd2+ 43. Re2 Qd3 44. Re3 Qc2+ 45. Re2 Qc3 46. Re3 Qd2+ 47. Re2 Qd3 48. Re3 Qd2+ 49. Re2 1/2-1/2


[Site "https://www.chess.com"]

[Event "Titled Tuesday Blitz February 15 Early 2022"]
[White "Dev, Shah"]
[Black "Svane, Frederik"]
[WhiteFideId "35019058"]
[BlackFideId "12923044"]
[WhiteElo "2098"]
[BlackElo "2459"]
[Result "0-1"]
[Round "07"]
[TimeControl "180+1"]
[Date "2022.02.15"]
[WhiteClock "0:00:02"]
[BlackClock "0:00:03"]

1. d4 Nf6 2. c4 e6 3. Nf3 d5 4. g3 Bb4+ 5. Bd2 Be7 6. Bg2 O-O 7. O-O c6 8. Qc2 b6 9. Rd1 Nbd7 10. Bf4 Bb7 11. Nc3 dxc4 12. e4 b5 13. a4 a6 14. h4 Qb6 15. e5 Nd5 16. Bg5 Bb4 17. Ne4 h6 18. Bd2 c5 19. dxc5 Bxc5 20. b3 Rac8 21. bxc4 bxc4 22. Rab1 Qa7 23. Qc1 Rfd8 24. Bxh6 gxh6 25. Qxh6 Bf8 26. Qh5 Bg7 27. Neg5 Nxe5 28. Nxe5 Ba8 29. Nexf7 Rd7 30. Qh7+ Kf8 31. Nxe6+ Kxf7 32. Qxg7+ Kxe6 33. Bh3+ Kd6 34. Bxd7 Qxd7 35. Qf6+ Kc7 36. Qe5+ Qd6 37. Qg7+ Kc6 38. Qd4 Rg8 39. Qxc4+ Kd7 0-1


[Site "https://www.chess.com"]

[Event "Titled Tuesday Blitz February 15 Early 2022"]
[White "Devaev, Alexander"]
[Black "Nazari, Arad"]
[WhiteFideId "4169395"]
[BlackFideId "12577324"]
[WhiteElo "2185"]
[BlackElo "2120"]
[Result "0-1"]
[Round "07"]
[TimeControl "180+1"]
[Date "2022.02.15"]
[WhiteClock "0:00:04"]
[BlackClock "0:01:46"]

1. Nf3 g6 2. c4 Bg7 3. d4 Nf6 4. Nc3 d5 5. Bg5 Ne4 6. cxd5 Nxg5 7. Nxg5 e6 8. Nf3 exd5 9. b4 c6 10. Qb3 O-O 11. e3 Nd7 12. Be2 a6 13. O-O Nf6 14. a4 Bf5 15. b5 axb5 16. axb5 Rxa1 17. Rxa1 Ne4 18. bxc6 bxc6 19. Rc1 c5 20. Qd1 Nxc3 21. Rxc3 c4 22. h3 Qa5 23. Rc1 Rb8 24. Ne5 Rb2 25. Bf3 c3 26. Nc6 Qa3 27. Ne7+ Qxe7 28. Bxd5 Qb4 29. g4 c2 30. Qf1 Rb1 31. Ba2 Rxc1 32. Qxc1 Qb1 33. Bxb1 cxb1=Q 0-1


[Site "https://www.chess.com"]

[Event "Titled Tuesday Blitz February 15 Early 2022"]
[White "Djokic, Mihailo"]
[Black "Shvedova, Alexandra"]
[WhiteFideId "976440"]
[BlackFideId "54154782"]
[WhiteElo "2008"]
[BlackElo "1920"]
[Result "0-1"]
[Round "07"]
[TimeControl "180+1"]
[Date "2022.02.15"]
[WhiteClock "0:01:42"]
[BlackClock "0:00:40"]

1. e4 c5 2. Nf3 d6 3. d4 cxd4 4. Nxd4 Nf6 5. Nc3 a6 6. Rg1 e5 7. Nb3 b5 8. g4 Bb7 9. f3 Qb6 10. Rg2 b4 11. Ne2 a5 12. g5 Nfd7 13. a4 Na6 14. Qd3 Nac5 15. Qe3 Nxb3 16. Qxb3 Nc5 17. Qe3 Rc8 18. Ng3 g6 19. Bb5+ Bc6 20. Bxc6+ Qxc6 21. b3 Ne6 22. Bb2 Be7 23. h4 Bd8 24. Rd2 Bb6 25. Qd3 Nd4 26. Ne2 Nxc2+ 27. Rxc2 Qxc2 28. Rd1 Qxd3 29. Rxd3 Ke7 30. Rd5 Rc2 31. Bc1 Rhc8 32. Kd1 Rxe2 33. Kxe2 Rxc1 34. Rb5 Bd8 35. Rb7+ Rc7 36. Rb5 Rc2+ 37. Kf1 Rc3 0-1


[Site "https://www.chess.com"]

[Event "Titled Tuesday Blitz February 15 Early 2022"]
[White "Dobrov, Vladimir"]
[Black "Pichot, Alan"]
[WhiteFideId "4136594"]
[BlackFideId "110973"]
[WhiteElo "2614"]
[BlackElo "2543"]
[Result "1-0"]
[Round "07"]
[TimeControl "180+1"]
[Date "2022.02.15"]
[WhiteClock "0:00:09"]
[BlackClock "0:00:01"]

1. d4 Nf6 2. c4 e6 3. Nf3 d5 4. Nc3 dxc4 5. e4 b5 6. e5 Nfd7 7. Nxb5 Nb6 8. Qc2 Bb7 9. Be2 Nc6 10. a3 a6 11. Nc3 Nxd4 12. Nxd4 Qxd4 13. Be3 Qxe5 14. O-O-O Bc5 15. Bd2 O-O 16. f4 Qf5 17. Qxf5 exf5 18. Bf3 Bxf3 19. gxf3 Rad8 20. Rhe1 Rd3 21. Re5 Bd4 22. Rxf5 Rxf3 23. Ne2 Bf6 24. Bb4 Re8 25. Nc3 h6 26. Rc5 Rxf4 27. Rxc7 Bxc3 28. Bxc3 Na4 29. Bd4 Rb8 30. Rd2 Rf1+ 31. Kc2 c3 32. Bxc3 Nxc3 33. Rxc3 Rf6 34. b4 g5 35. Rc5 Kg7 36. Kb3 Kg6 37. Ka4 Re6 38. Ka5 f5 39. h4 Rf8 40. a4 f4 41. hxg5 hxg5 42. Rdd5 f3 43. Rxg5+ Kh7 44. Rh5+ Kg7 45. Rhg5+ Kf7 46. Rcf5+ Rf6 47. Rxf6+ Kxf6 48. Rg1 Ke5 49. Kxa6 Rf4 50. Ka5 1-0


[Site "https://www.chess.com"]

[Event "Titled Tuesday Blitz February 15 Early 2022"]
[White "Domingo Nunez, Alejandro"]
[Black "Moskvin, Anatoly"]
[WhiteFideId "22245561"]
[BlackFideId "24199990"]
[WhiteElo "2215"]
[BlackElo "2079"]
[Result "0-1"]
[Round "07"]
[TimeControl "180+1"]
[Date "2022.02.15"]
[WhiteClock "0:00:07"]
[BlackClock "0:00:06"]

1. c4 e5 2. Nc3 Nc6 3. g3 f5 4. Bg2 Nf6 5. d3 Bc5 6. a3 a5 7. Rb1 d6 8. Bg5 Bxf2+ 9. Kxf2 Ng4+ 10. Ke1 Qxg5 11. Nd5 Ne3 12. Nf3 Nxg2+ 13. Kf2 Qd8 14. Kxg2 Ne7 15. e4 O-O 16. Rf1 c6 17. Nc3 fxe4 18. dxe4 Bg4 19. Qd3 Qd7 20. Ng5 h6 21. h3 Bh5 22. Nf3 Bxf3+ 23. Rxf3 Rxf3 24. Qxf3 Rf8 25. Qd3 Rf6 26. Rd1 Qe8 27. Rd2 h5 28. h4 Qg6 29. Nd1 Qg4 30. Nf2 Qe6 31. Nh3 Ng6 32. Qe2 a4 33. Qxh5 Qxc4 34. Ng5 Qf1+ 35. Kh2 Qe1 36. Re2 Qd1 37. Qh7+ Kf8 38. Rg2 Qg4 39. Rd2 d5 40. exd5 cxd5 41. Rc2 d4 42. Rd2 d3 43. Nh3 e4 44. Nf2 Qf3 45. Nd1 Qe2+ 46. Rxe2 dxe2 47. Qh5 e1=Q 48. Qg4 Ne5 49. Qc8+ Ke7 50. Qxb7+ Nd7 51. Qb4+ Qxb4 52. axb4 Rd6 53. Ne3 Rd2+ 54. Kh3 Rxb2 55. Kg4 Rxb4 56. Nd5+ Kd6 57. Nxb4 Ke5 58. Kg5 e3 59. Kg4 Ke4 60. Nc2 e2 61. Kg5 a3 62. Kg4 a2 63. h5 a1=Q 64. h6 gxh6 65. Nxa1 e1=Q 66. Nc2 Qe2+ 67. Kh3 Qxc2 68. Kh4 Qh2+ 69. Kg4 Ne5# 0-1


[Site "https://www.chess.com"]

[Event "Titled Tuesday Blitz February 15 Early 2022"]
[White "Dreev, Aleksey"]
[Black "Gaehwiler, Gabriel"]
[WhiteFideId "4100107"]
[BlackFideId "1314530"]
[WhiteElo "2636"]
[BlackElo "2383"]
[Result "1/2-1/2"]
[Round "07"]
[TimeControl "180+1"]
[Date "2022.02.15"]
[WhiteClock "0:00:08"]
[BlackClock "0:00:06"]

1. d4 Nf6 2. c4 g6 3. Nc3 Bg7 4. Nf3 O-O 5. e3 b6 6. Be2 Bb7 7. O-O Ne4 8. Nd5 e6 9. Nf4 Nc6 10. Bd3 Ne7 11. Qc2 d5 12. b3 c5 13. Bb2 cxd4 14. exd4 Rc8 15. Qe2 Nf5 16. Rad1 Re8 17. Rfe1 Nfd6 18. Ne5 Qc7 19. Rc1 Qb8 20. Ba3 Red8 21. cxd5 exd5 22. Qf3 Nf5 23. Bb2 Nxd4 24. Bxd4 Bxe5 25. Rxc8 Rxc8 26. Bxe5 Qxe5 27. h4 Rc3 28. Ne2 Nd2 29. Qf4 Qxf4 30. Nxf4 Ne4 31. f3 Nc5 32. Bb5 a6 33. Re8+ Kg7 34. Bf1 d4 35. Rd8 d3 36. b4 Na4 37. Nxd3 Rc7 38. a3 Nc3 39. Nf4 Nb1 40. a4 Nc3 41. a5 bxa5 42. bxa5 Na4 43. h5 Kf6 44. h6 Kg5 45. Nd3 Kxh6 46. Ne5 Kg7 47. Nc4 Nc3 48. Nd6 Re7 49. Rb8 Bc6 50. Bxa6 Ra7 51. Bb7 Bxb7 52. Rxb7 Rxa5 53. Nxf7 Kf6 54. Nh6 Ra1+ 55. Kh2 Kg5 56. Ng4 h5 57. Nf2 Ne2 58. Nh3+ Kf6 59. Rb6+ Kg7 60. Re6 Nd4 61. Rb6 Nf5 62. Nf4 Ne7 63. Rb7 Kf6 64. Rb6+ Kf7 65. Nd3 Ra5 66. f4 Rd5 67. Ne5+ Kg7 68. Re6 Nf5 69. Rxg6+ Kh7 70. Rg5 Ne3 71. Rxh5+ Kg7 72. Rg5+ Kf6 73. Ng4+ Nxg4+ 74. Rxg4 Rh5+ 75. Kg3 Ra5 76. Rh4 Ra2 77. Kg4 Rxg2+ 78. Kf3 Ra2 79. Rh6+ Kf5 80. Rh5+ Kf6 81. Rc5 Ra1 82. Rc6+ Kf5 83. Rc5+ Kf6 84. Rc2 Kf5 85. Rc5+ Kf6 1/2-1/2


[Site "https://www.chess.com"]

[Event "Titled Tuesday Blitz February 15 Early 2022"]
[White "Dubov, Daniil"]
[Black "Urazayev, Arystanbek"]
[WhiteFideId "24126055"]
[BlackFideId "13709810"]
[WhiteElo "2791"]
[BlackElo "2321"]
[Result "0-1"]
[Round "07"]
[TimeControl "180+1"]
[Date "2022.02.15"]
[WhiteClock "0:00:02"]
[BlackClock "0:00:15"]

1. d4 Nf6 2. Nf3 e6 3. Bg5 d5 4. e3 c5 5. Nbd2 Nc6 6. c3 Be7 7. Bd3 b6 8. O-O Bb7 9. Qb1 h6 10. Bf4 O-O 11. a3 Bd6 12. Bg3 Qc7 13. b4 c4 14. Bxd6 Qxd6 15. Bc2 b5 16. a4 a6 17. e4 dxe4 18. Nxe4 Nxe4 19. Bxe4 Rab8 20. Re1 Ne7 21. Ne5 Bxe4 22. Qxe4 Nd5 23. Qf3 Qc7 24. axb5 axb5 25. Ra5 Rfd8 26. Rea1 Rb7 27. h4 Rc8 28. Ra6 Qe7 29. h5 Qf6 30. R1a3 Qxf3 31. Nxf3 Nf4 32. Ne5 Nxh5 33. Ra7 Rxa7 34. Rxa7 Nf4 35. Kf1 Nd5 36. Ra3 f6 37. Nd7 Kf7 38. Nc5 e5 39. dxe5 fxe5 40. Ke2 Rd8 41. g3 h5 42. Ne4 Nf6 43. Nc5 g5 44. Ra5 Rb8 45. Kf3 h4 46. gxh4 gxh4 47. Kg2 Nd5 48. Ne4 Nf4+ 49. Kh2 Ke6 50. Ra6+ Kf5 51. f3 Ne6 52. Nd6+ Kf4 53. Nxc4 bxc4 54. Rxe6 Ra8 55. Rf6+ Ke3 56. b5 Ra3 57. b6 Rxc3 58. Rc6 Kd4 59. Kh3 Rb3 60. Kxh4 c3 61. Kg3 Kd3 62. Kf2 c2 63. Rd6+ Kc3 0-1


[Site "https://www.chess.com"]

[Event "Titled Tuesday Blitz February 15 Early 2022"]
[White "Dushyant Sharma"]
[Black "Korchmar, Vasiliy"]
[WhiteFideId "25065130"]
[BlackFideId "24131750"]
[WhiteElo "2012"]
[BlackElo "2370"]
[Result "1/2-1/2"]
[Round "07"]
[TimeControl "180+1"]
[Date "2022.02.15"]
[WhiteClock "0:00:07"]
[BlackClock "0:00:02"]

1. e4 c5 2. Nf3 d6 3. d4 cxd4 4. Nxd4 Nf6 5. Nc3 Nc6 6. f4 g6 7. Nf3 Bg7 8. Bd3 O-O 9. O-O Bg4 10. Qe1 Nb4 11. Kh1 Rc8 12. a3 Nxd3 13. cxd3 Nd7 14. Bd2 Nc5 15. Qe2 Nb3 16. Rad1 Nd4 17. Qf2 Nxf3 18. gxf3 Bh3 19. Rg1 Bd7 20. Qxa7 b6 21. Be3 b5 22. Nd5 e6 23. Nb6 Rc7 24. Qa5 Bxb2 25. Nxd7 Qxd7 26. Rb1 Rc2 27. Rg2 Rxg2 28. Kxg2 Bf6 29. Qxb5 Qc7 30. Qc4 Qa5 31. Qb4 Qa6 32. Qb3 Rc8 33. Kg3 Rc3 34. Qb8+ Kg7 35. e5 dxe5 36. fxe5 Be7 37. Qb7 Qxa3 38. Ra1 Qxa1 39. Qxe7 Qe1+ 40. Kg2 Qxe3 41. Qf6+ Kh6 42. Qh4+ Kg7 43. Qf6+ Kg8 44. Qd8+ Kg7 45. Qf6+ 1/2-1/2


[Site "https://www.chess.com"]

[Event "Titled Tuesday Blitz February 15 Early 2022"]
[White "Dvirnyy, Danyyil"]
[Black "Ianov, Viktor"]
[WhiteFideId "817570"]
[BlackFideId "14102730"]
[WhiteElo "2546"]
[BlackElo "2215"]
[Result "0-1"]
[Round "07"]
[TimeControl "180+1"]
[Date "2022.02.15"]
[WhiteClock "0:00:03"]
[BlackClock "0:01:20"]

1. d4 d6 2. e4 Nf6 3. Nc3 c6 4. Nf3 Bg4 5. Be2 Nbd7 6. O-O e5 7. Be3 Be7 8. a4 a5 9. h3 Bh5 10. Nd2 Bg6 11. f4 exf4 12. Rxf4 O-O 13. Qf1 d5 14. exd5 Nxd5 15. Nxd5 cxd5 16. Bd3 Qb6 17. Nb3 Bxd3 18. Qxd3 Rac8 19. Rf5 Nf6 20. Bg5 Rfe8 21. Raf1 Qb4 22. Bxf6 Bxf6 23. Rxf6 gxf6 24. Qf5 Rc6 25. Rf3 Re1+ 26. Kh2 Qd6+ 27. Rg3+ Kf8 28. Nc5 Re3 29. Qf2 Qxg3+ 30. Qxg3 Rxg3 31. Kxg3 b6 0-1


[Site "https://www.chess.com"]

[Event "Titled Tuesday Blitz February 15 Early 2022"]
[White "Eynullayev, Altay"]
[Black "Papasimakopoulos, Alexandros"]
[WhiteFideId "13413562"]
[BlackFideId "4244125"]
[WhiteElo "2079"]
[BlackElo "2340"]
[Result "0-1"]
[Round "07"]
[TimeControl "180+1"]
[Date "2022.02.15"]
[WhiteClock "0:00:05"]
[BlackClock "0:00:30"]

1. e4 e6 2. d4 d5 3. e5 b6 4. Nf3 Ne7 5. h4 h5 6. Bg5 Qd7 7. Bd3 Ba6 8. O-O Bxd3 9. Qxd3 Nf5 10. Nc3 c5 11. Ne2 Nc6 12. c3 Be7 13. g3 f6 14. Bf4 c4 15. Qd2 g5 16. hxg5 fxg5 17. Bxg5 O-O-O 18. Kg2 Rdg8 19. Bxe7 Qxe7 20. Rh1 h4 21. Rag1 Qg7 22. Qf4 hxg3 23. fxg3 Nce7 24. Rxh8 Rxh8 25. Rh1 Rg8 26. Rh5 Kd7 27. Rg5 Qh7 28. Rxg8 Qxg8 29. Kf2 Qh7 30. Qg5 Nh6 31. Qh5 Qg7 32. Qg5 Qh7 33. Qh4 Nef5 34. Qf4 Qg6 35. Qg5 Qh7 36. Qh5 Ne3 37. Qh4 Nhg4+ 0-1


[Site "https://www.chess.com"]

[Event "Titled Tuesday Blitz February 15 Early 2022"]
[White "Eynullayev, Atilla"]
[Black "Goltseva, Ekaterina"]
[WhiteFideId "13413570"]
[BlackFideId "24173770"]
[WhiteElo "1979"]
[BlackElo "2140"]
[Result "1-0"]
[Round "07"]
[TimeControl "180+1"]
[Date "2022.02.15"]
[WhiteClock "0:00:20"]
[BlackClock "0:01:36"]

1. e4 e5 2. Nf3 Nc6 3. Bb5 a6 4. Ba4 Nf6 5. O-O b5 6. Bb3 Be7 7. d3 d6 8. a4 Bg4 9. c3 O-O 10. Nbd2 b4 11. h3 Bh5 12. a5 Rb8 13. Bc4 Ra8 14. Qa4 Nb8 15. cxb4 Nbd7 16. Qc6 Qc8 17. b5 axb5 18. Qxb5 c6 19. Qb3 Nc5 20. Qa2 Qc7 21. b4 Ne6 22. Bxe6 fxe6 23. Ng5 Bf7 24. Nxf7 Kxf7 25. f4 exf4 26. Nf3 h6 27. Bxf4 g5 28. Bxg5 hxg5 29. Nxg5+ Kg6 30. Nxe6 Qa7+ 31. Kh1 Rg8 32. Nf4+ Kh7 33. d4 Qxd4 34. Qf7+ Rg7 35. Qxg7+ Kxg7 36. Ne6+ Kg6 37. Nxd4 Nxe4 38. Nxc6 Ng3+ 39. Kg1 Nxf1 40. Nxe7+ Kf7 41. Kxf1 Kxe7 42. b5 Kd7 43. b6 Kc6 44. Rb1 Kb7 45. Rb5 Rf8+ 46. Kg1 Re8 47. h4 Re4 48. h5 Re8 49. h6 Rh8 50. Rh5 d5 51. Kf2 d4 52. Ke2 Ka6 53. Kd3 Rh7 54. g4 Kb7 55. g5 Ka6 56. g6 Rh8 57. g7 Rg8 58. h7 Rxg7 59. h8=Q Rh7 60. Qa8+ Ra7 61. Qxa7# 1-0


[Site "https://www.chess.com"]

[Event "Titled Tuesday Blitz February 15 Early 2022"]
[White "Faizrakhmanov, Ramil"]
[Black "Pinheiro, Iung Alicio de O."]
[WhiteFideId "24103209"]
[BlackFideId "2104350"]
[WhiteElo "2832"]
[BlackElo "2643"]
[Result "1-0"]
[Round "07"]
[TimeControl "180+1"]
[Date "2022.02.15"]
[WhiteClock "0:00:33"]
[BlackClock "0:00:04"]

1. e4 c5 2. Nf3 d6 3. d4 cxd4 4. Nxd4 Nf6 5. Nc3 Nc6 6. Bg5 e6 7. Qd2 a6 8. O-O-O Bd7 9. Kb1 Be7 10. Nb3 b5 11. a3 Qc7 12. f4 Rb8 13. Bd3 b4 14. axb4 Nxb4 15. Rhe1 O-O 16. e5 dxe5 17. fxe5 Nfd5 18. Nxd5 Nxd5 19. Bxe7 Nxe7 20. Bxh7+ Kxh7 21. Qxd7 Rfc8 22. Qxc7 Rxc7 23. Rd6 Nc6 24. Re3 Nb4 25. Nd4 Rbc8 26. c3 Nd5 27. Rh3+ Kg8 28. Rxa6 Nf4 29. Rg3 Rc5 30. Nf3 Rb8 31. Kc2 Nd5 32. Ra4 Ne3+ 33. Kc1 Rcb5 34. Nd4 Rxe5 35. Nc6 Rd5 36. Rxe3 Rb7 37. Rb4 Rbd7 38. Rd4 1-0


[Site "https://www.chess.com"]

[Event "Titled Tuesday Blitz February 15 Early 2022"]
[White "Fajdetic, Hrvoje"]
[Black "Harshavardhan G B"]
[WhiteFideId "14501945"]
[BlackFideId "25059009"]
[WhiteElo "2140"]
[BlackElo "1831"]
[Result "1-0"]
[Round "07"]
[TimeControl "180+1"]
[Date "2022.02.15"]
[WhiteClock "0:00:07"]
[BlackClock "0:00:26"]

1. d4 d5 2. Bf4 c5 3. e3 Nc6 4. Nc3 cxd4 5. exd4 a6 6. Nce2 Nf6 7. c3 Bf5 8. Nf3 Qd7 9. Ng3 Bg6 10. h4 h5 11. Bd3 Bxd3 12. Qxd3 e6 13. O-O Bd6 14. Ne5 Bxe5 15. dxe5 Ng4 16. Rae1 Qe7 17. Bg5 Qc5 18. Qe2 Ncxe5 19. Kh1 Ng6 20. Nxh5 Rxh5 21. Qxg4 Rh7 22. Rxe6+ fxe6 23. Qxe6+ Ne7 24. Re1 g6 25. Qxg6+ Rf7 26. Rxe7+ Qxe7 27. Bxe7 Kxe7 28. Qg5+ Ke6 29. g4 Raf8 30. Qe3+ Kd7 31. Kg2 Re8 32. Qb6 Rb8 33. h5 Re7 34. Kg3 Re2 35. h6 Re6 36. Qa7 Kc7 37. Qc5+ Rc6 38. Qe7+ Kb6 39. h7 d4 40. Qe5 dxc3 41. bxc3 Rcc8 42. g5 Re8 43. Qd4+ Kc6 44. g6 Rbd8 45. Qxd8 Rxd8 46. g7 Rd1 47. h8=Q Rd3+ 48. f3 Rxc3 49. g8=Q Rc5 50. Qc8+ Kb5 51. Qb2+ Ka4 52. Qxc5 a5 53. Qcb5# 1-0


[Site "https://www.chess.com"]

[Event "Titled Tuesday Blitz February 15 Early 2022"]
[White "Fernandez, Michael"]
[Black "De Silva, L M S T"]
[WhiteFideId "5803560"]
[BlackFideId "9953698"]
[WhiteElo "2413"]
[BlackElo "2709"]
[Result "0-1"]
[Round "07"]
[TimeControl "180+1"]
[Date "2022.02.15"]
[WhiteClock "0:00:11"]
[BlackClock "0:01:25"]

1. b4 h5 2. Bb2 h4 3. h3 b6 4. d4 Bb7 5. c4 e6 6. a3 f5 7. Nf3 Nf6 8. Ne5 d6 9. Ng6 Rh6 10. Nxf8 Kxf8 11. Qd2 Ne4 12. Qe3 Nd7 13. Nd2 Nxd2 14. Qxd2 Nf6 15. Bc1 Ne4 16. Qf4 Qf6 17. e3 e5 18. dxe5 dxe5 19. Qf3 Rd8 20. Be2 Nc5 21. e4 Bxe4 22. Qc3 Nd3+ 23. Kf1 Rg6 24. f3 Nxc1 25. Rxc1 Bb7 26. Rg1 Rd4 27. c5 Qg5 28. cxb6 Rc6 29. Qxc6 Bxc6 30. Rxc6 cxb6 31. Kf2 Qg3+ 32. Kf1 e4 33. fxe4 fxe4 34. Rc2 e3 35. Bf3 Rc4 36. Rxc4 Qf2# 0-1


[Site "https://www.chess.com"]

[Event "Titled Tuesday Blitz February 15 Early 2022"]
[White "Ferreira, Vitor Hugo Vieira"]
[Black "Do Valle Cardoso, Lucas"]
[WhiteFideId "2119765"]
[BlackFideId "2163144"]
[WhiteElo "2216"]
[BlackElo "2357"]
[Result "1-0"]
[Round "07"]
[TimeControl "180+1"]
[Date "2022.02.15"]
[WhiteClock "0:01:59"]
[BlackClock "0:00:50"]

1. Nf3 d5 2. g3 Nf6 3. Bg2 e6 4. O-O Be7 5. c4 O-O 6. cxd5 exd5 7. d3 c6 8. Nc3 Bf5 9. Nd4 Bg4 10. Qb3 Qb6 11. Be3 c5 12. Nxd5 Nxd5 13. Qxd5 cxd4 14. Bxd4 Qc6 15. Qb3 Qd7 16. Qxb7 Qxd4 17. Qxa8 Bxe2 18. Rfe1 Qxd3 19. Be4 Qd2 20. Bxh7+ Kxh7 21. Qe4+ Kg8 22. Rxe2 1-0


[Site "https://www.chess.com"]